 Dungeon Crawl Stone Soup version 0.30-a0-652-gcc886f7154 (webtiles) character file.

Game seed: 12721064760435273473

17289 Leeroy the Fighter (level 12, -1/78 HPs)
             Began as a Tengu Warper on Jan 17, 2023.
             Was the Champion of Uskayaw.
             Slain by a spriggan defender skeleton (19 damage)
             ... on level 2 of the Abyss.
             The game lasted 00:28:30 (12404 turns).

Leeroy the Fighter (Tengu Warper)                  Turns: 12404, Time: 00:28:31

Health: -1/78      AC:  8    Str: 12    XL:     12   Next: 46%
Magic:  23/24      EV: 26    Int: 14    God:    Uskayaw [******]
Gold:   536        SH:  0    Dex: 18    Spells: 2/26 levels left

rFire   . . .      SeeInvis .    h - +2 scimitar (flame)
rCold   x . .      Faith    +    (no shield)
rNeg    . . .      Spirit   .    N - +2 robe {Archmagi}
rPois   .          Reflect  .    (helmet restricted)
rElec   .          Harm     .    j - +2 cloak
rCorr   .          Rampage  .    t - +0 pair of gloves
Will    .....      Archmagi +    (boots unavailable)
Stlth   ++                       r - amulet of faith
HPRegen 0.33/turn                m - +5 ring of evasion
MPRegen 0.19/turn                u - +4 ring of slaying

@: flying quickly and evasively, quick
A: beak, talons 3, nimble flight, cold vulnerability 1
a: Renounce Religion, Stomp, Line Pass, Grand Finale


You were on level 2 of the Abyss.
You worshipped Uskayaw.
Uskayaw was noncommittal.
You visited 2 branches of the dungeon, and saw 13 of its levels.
You visited the Abyss 1 time.

You collected 536 gold pieces.

Inventory:

Hand Weapons
 e - the +9 staff of Wucad Mu {*channel}
   (You acquired it on level 8 of the Dungeon)

   *Channel:  It occasionally powers its wielder's spells, but with a chance of
   causing confusion or draining the wielder's intelligence.
   It becomes more likely to activate and less likely to backfire with increased
   Evocations skill.
 h - a +2 scimitar of flaming (weapon)
 D - the +5 sling of the Pillar {drain, Fly}
   (You found it on level 4 of the Dungeon)

   Fly:       It grants you flight.
 I - a +0 short sword of speed
 U - the +8 trident of the Octopus King {venom, rElec rPois}
   (You took it off a centaur on level 8 of the Dungeon)

   rElec:     It insulates you from electricity.
   rPois:     It protects you from poison.
 V - a +0 dagger of draining
 Z - a +2 great sword
Missiles
 d - 7 boomerangs of dispersal
 v - 5 boomerangs
 B - 2 throwing nets
 E - 19 poisoned darts
Armour
 j - a +2 cloak (worn)
 t - a +0 pair of gloves (worn)
 N - a +2 robe of the Archmagi (worn)
 O - +0 steam dragon scales
 X - an orb of guile
Magical Staves
 x - a staff of air
Jewellery
 m - a +5 ring of evasion (left hand)
 o - a ring of wizardry
 r - an amulet of faith (around neck)
 u - a +4 ring of slaying (right hand)
 A - a ring of protection from cold
 K - a ring of ice
 M - a ring of protection from cold
 P - a ring of poison resistance
 R - a ring of protection from cold
 T - a ring of poison resistance
Wands
 S - a wand of polymorph (14)
 W - a wand of roots (2)
Scrolls
 c - a scroll of blinking
 i - a scroll of amnesia
 k - a scroll of torment
 n - a scroll of teleportation
 p - 2 scrolls of fear
 s - a scroll of magic mapping
 y - 4 scrolls of fog
 C - a scroll of poison
 J - a scroll of silence
Potions
 f - 3 potions of curing
 g - 7 potions of brilliance
 l - a potion of lignification {unknown}
 q - a potion of heal wounds
 w - 3 potions of attraction {unknown}
 z - a potion of might {unknown}
 F - 2 potions of resistance {unknown}
 G - 2 potions of degeneration {unknown}
 H - a potion of mutation {unknown}
 L - 2 potions of ambrosia {unknown}
 Q - 2 potions of flight {unknown}


   Skills:
 + Level 10.5 Fighting
 - Level 8.0 Long Blades
 - Level 1.0 Throwing
 - Level 1.1 Armour
 - Level 9.1 Dodging
 - Level 7.5 Spellcasting
 - Level 7.9 Translocations
 - Level 9.1 Air Magic


You had 2 spell levels left.
You knew the following spells:

 Your Spells              Type           Power      Damage    Failure   Level
a - Blink                 Tloc           82%        N/A       1%          2
b - Teleport Other        Tloc           41%        N/A       1%          3
c - Vhi's Electric Charg  Tloc/Air       86%        N/A       1%          3
d - Kindle Blastsparks    Fire/Tloc/Air  62%        2d15      4%          3
e - Manifold Assault      Tloc           41%        N/A       4%          4
f - Iskenderun's Mystic   Conj/Tloc      24%        2d7       26%         4
g - Freezing Cloud        Conj/Ice/Air   10%        6-21      71%         5

Your spell library contained the following spells:

 Spells                   Type           Power      Damage    Failure   Level
 Lesser Beckoning         Tloc           82%        N/A       1%          2
 Momentum Strike          Conj/Tloc      48%        3d9       4%          2
 Magic Dart               Conj           28%        1d4       14%         1
 Slow                     Hex            28%        N/A       14%         1
 Ensorcelled Hibernation  Hex/Ice        14%        N/A       21%         2
 Searing Ray              Conj           14%        2d5       21%         2
 Confusing Touch          Hex            7%         N/A       38%         3
 Ignite Poison            Fire/Tmut/Pois 7%         N/A       38%         3
 Spider Form              Tmut/Pois      7%         N/A       38%         3
 Vampiric Draining        Necr           7%         2d6       38%         3
 Anguish                  Hex/Necr       3%         N/A       80%         4
 Fulminant Prism          Conj/Hex       3%         3d5       80%         4
 Conjure Ball Lightning   Conj/Air       13%        3x3d6     97%         6
 Fireball                 Conj/Fire      3%         3d4       98%         5
 Iskenderun's Battlesphe  Conj           7%         2d6       98%         5
 Lee's Rapid Deconstruct  Erth           3%         3d5*      98%         5
 Orb of Destruction       Conj           3%         9d5       100%        7


Dungeon Overview and Level Annotations

Branches:
Dungeon (12/15)            Temple (1/1) D:5            Lair (0/5) D:10
    Orc (0/2) D:12

Altars:
Ashenzari
Cheibriados
Dithmenos
Elyvilon
Fedhas
Gozag
Hepliaklqana
Kikubaaqudgha
Makhleb
Nemelex Xobeh
Okawaru
Qazlal
Ru
Sif Muna
Trog
Uskayaw
Vehumet
Wu Jian
Xom
Yredelemnul
Zin
The Shining One

Annotations:
D:4 4 runed translucent doors
D:10 5 runed translucent doors
D:12 Erolcha


Innate Abilities, Weirdness & Mutations

You have a beak for a mouth.
You have claws for feet.
Your magical nature lets you fly swiftly and evasively.
You are vulnerable to cold. (rC-)


Message History

The starcursed mass closely misses you.
A starcursed mass splits.
A deafening chorus of shrieks assaults your mind!
The spriggan defender skeleton completely misses you.
You hit the starcursed mass. You burn the starcursed mass.
You claw the starcursed mass.
You peck the starcursed mass, but do no damage.
The starcursed mass is almost destroyed.
The starcursed mass shudders and is absorbed by its neighbour.
The spriggan defender skeleton hits you!
You slash the starcursed mass! You burn the starcursed mass.
You destroy the starcursed mass!
The spriggan defender skeleton completely misses you.
The spriggan defender skeleton misses you.
You slash the starcursed mass! You burn the starcursed mass.
You destroy the starcursed mass!
The starcursed mass touches you!
The spriggan defender skeleton hits you!!
* * * LOW HITPOINT WARNING * * *
You slash the starcursed mass! You burn the starcursed mass.
You claw the starcursed mass, but do no damage.
You peck the starcursed mass, but do no damage.
The starcursed mass is almost destroyed.
The starcursed mass shudders and is absorbed by its neighbour.
The spriggan defender skeleton misses you.
A chorus of shrieks assaults your mind.
* * * LOW HITPOINT WARNING * * *
A starcursed mass splits.
The spriggan defender skeleton closely misses you.
You feel much better.
The spriggan defender skeleton completely misses you.
You slice the starcursed mass!! You burn the starcursed mass.
You destroy the starcursed mass!
A starcursed mass splits.
The spriggan defender skeleton hits you!
* * * LOW HITPOINT WARNING * * *
You hit the starcursed mass. You burn the starcursed mass.
You destroy the starcursed mass!
The spriggan defender skeleton closely misses you.
The spriggan defender skeleton hits you!!
You die...

. .# .#.
##..#. ..
###..... ##.
...#.#..#..
.. #
.#.....X#.#.
.
......X.#§#§.
. .#@#.Z## #
..#Z#... #
####
#.#.#.... . #
.#...# .#.# .
.. #.....#.
#.. #
#..#.#.#. ##
##
.##.##.#..#
#. .#.##.#
##### ##


You could see 2 starcursed masses and a spriggan defender skeleton.

Vanquished Creatures
  A tentacled starspawn (Abyss:2)
  Erica (D:8)
  2 two-headed ogres
  2 thrashing horrors (Abyss:2)
  A stone giant zombie (Abyss:2)
  A worldbinder (Abyss:2)
  An apocalypse crab (Abyss:2)
  A smoke demon (Abyss:2)
  An unseen horror (D:11)
  A rime drake (D:10)
  Psyche (D:12)
  3 komodo dragons
  A hornet (D:8)
  A polar bear (D:10)
  6 trolls
  Prince Ribbit (D:6)
  A small abomination (Abyss:2)
  3 dream sheep (D:8)
  15 yaks
  A wyvern (D:9)
  A shadow (D:12)
  2 golden eyes (Abyss:2)
  A large abomination (Abyss:2)
  A neqoxec (Abyss:2)
  3 steam dragons
  3 vampire mosquitoes (D:12)
  2 acid dragons (D:10)
  A water moccasin (D:6)
  3 orc warriors
  5 ice beasts
  An ogre (D:5)
  2 sky beasts
  A wolf (D:10)
  5 starcursed masses (Abyss:2)
  6 centaurs
  A phantom (D:7)
  3 kobold brigands
  3 bullfrogs
  A gnoll sergeant (D:7)
  A necrophage (D:7)
  2 scorpions
  4 wights (D:10)
  A killer bee (D:4)
  4 howler monkeys
  A quasit (Abyss:2)
  A gnoll bouda (D:8)
  7 hounds
  2 jellies
  3 orc priests
  An iron imp (Abyss:2)
  6 orc wizards
  6 gnolls
  12 adders
  A shadow imp (D:6)
  2 white imps
  2 ufetubi
  2 worms
  A dart slug (D:2)
  23 orcs
  6 ball pythons
  A bat (D:1)
  2 bat zombies (D:9)
  6 endoplasms
  5 giant cockroaches
  4 goblins
  6 hobgoblins
  8 jackals
  3 quokkas
  3 frilled lizards
  16 kobolds
  5 rats
  A rat zombie (D:9)
238 creatures vanquished.

Vanquished Creatures (others)
  A howler monkey (D:6)
  14 starspawn tentacles (Abyss:2)
15 creatures vanquished.

Grand Total: 253 creatures vanquished

Notes
Turn   | Place    | Note
-------+----------+-------------------------------------------
     0 | D:1      | Leeroy the Tengu Warper began the quest for the Orb.
     0 | D:1      | Reached XP level 1. HP: 12/12 MP: 4/4
   174 | D:1      | Reached XP level 2. HP: 15/17 MP: 6/6
   950 | D:2      | Found a shadowy altar of Dithmenos.
  1012 | D:2      | Learned a level 2 spell: Blink
  1028 | D:2      | Reached XP level 3. HP: 21/21 MP: 7/7
  1482 | D:3      | Reached XP level 4. HP: 26/26 MP: 8/8
  1588 | D:3      | Noticed a bullfrog
  1610 | D:3      | Learned a level 3 spell: Teleport Other
  2175 | D:4      | Reached skill level 5 in Long Blades
  2199 | D:4      | Identified the +5 sling of the Pillar {drain, Fly}
  2203 | D:4      | Noticed an ogre
  2223 | D:3      | Killed a bullfrog
  2224 | D:3      | Gained mutation: Your magical nature lets you fly swiftly
                  | and evasively. [Tengu growth]
  2224 | D:3      | Reached XP level 5. HP: 30/30 MP: 9/9
  2630 | D:4      | Reached XP level 6. HP: 35/35 MP: 10/10
  2701 | D:4      | Found a burning altar of Makhleb.
  2813 | D:4      | Found an ornate altar of the Wu Jian Council.
  2827 | D:4      | Found a large runed translucent door.
  2827 | D:4      | Found a large runed translucent door.
  2937 | D:4      | Noticed a two-headed ogre
  2943 | D:4      | Found a large runed translucent door.
  2943 | D:4      | Found a large runed translucent door.
  3199 | D:5      | Entered Level 5 of the Dungeon
  3206 | D:5      | Reached XP level 7. HP: 40/40 MP: 11/11
  3265 | D:5      | Found a staircase to the Ecumenical Temple.
  3361 | Temple   | Entered the Ecumenical Temple
  3793 | D:5      | Found a bloodstained altar of Trog.
  4023 | D:5      | Found a shimmering blue altar of Sif Muna.
  4207 | D:6      | Noticed a steam dragon
  4243 | D:6      | Reached skill level 5 in Dodging
  4253 | D:6      | Reached XP level 8. HP: 31/44 MP: 12/12
  4268 | D:6      | Learned a level 3 spell: Vhi's Electric Charge
  4272 | D:6      | Learned a level 3 spell: Kindle Blastsparks
  4289 | D:6      | Reached skill level 1 in Air Magic
  4562 | D:6      | Found a basalt altar of Yredelemnul.
  4564 | D:6      | Noticed Prince Ribbit
  4591 | D:6      | Killed Prince Ribbit
  4592 | D:6      | Reached skill level 5 in Air Magic
  5097 | D:7      | Reached XP level 9. HP: 41/48 MP: 13/13
  5223 | D:7      | Found a hide-covered altar of Uskayaw.
  5229 | D:7      | Became a worshipper of Uskayaw the Reveller
  5237 | D:7      | Reached * piety under Uskayaw
  5240 | D:7      | Reached ** piety under Uskayaw
  5270 | D:7      | Reached skill level 5 in Translocations
  5270 | D:7      | Reached *** piety under Uskayaw
  5271 | D:7      | Reached **** piety under Uskayaw
  5851 | D:8      | Noticed a hornet
  5861 | D:8      | Identified a scroll of acquirement
  5868 | D:8      | Acquired the +9 staff of Wucad Mu {*channel}
  5868 | D:8      | Found the +9 staff of Wucad Mu {*channel}
  5948 | D:8      | Noticed Erica
  5987 | D:8      | Reached ***** piety under Uskayaw
  5992 | D:8      | Killed Erica
  6269 | D:8      | Noticed a two-headed ogre
  6340 | D:8      | Killed a two-headed ogre
  6341 | D:8      | Reached XP level 10. HP: 29/53 MP: 14/14
  7047 | D:9      | Reached skill level 5 in Spellcasting
  7136 | D:9      | Found an ancient bone altar of Kikubaaqudgha.
  7263 | D:9      | Found a sacrificial altar of Ru.
  7605 | D:9      | Learned a level 4 spell: Manifold Assault
  7610 | D:9      | Learned a level 4 spell: Iskenderun's Mystic Blast
  7994 | D:10     | Entered Level 10 of the Dungeon
  8055 | D:10     | Found the +9 staff of Olgreb {rPois∞}
  8103 | D:10     | Noticed a wolf spider
  8104 | D:10     | Found a runed translucent gate.
  8105 | D:10     | Found a runed translucent door.
  8106 | D:10     | Noticed a wolf spider
  8124 | D:10     | Found a runed translucent gate.
  8132 | D:10     | Found a runed translucent gate.
  8134 | D:10     | Noticed a wolf spider
  8134 | D:10     | Noticed a black mamba
  8134 | D:10     | Noticed a black mamba
  8143 | D:10     | Found a runed translucent door.
  8319 | D:10     | Found a staircase to the Lair.
  8586 | D:10     | Noticed a two-headed ogre
  8587 | D:10     | Reached XP level 11. HP: 42/57 MP: 23/23
  9401 | D:10     | Reached ****** piety under Uskayaw
  9813 | D:10     | Learned a level 5 spell: Freezing Cloud
  9820 | D:11     | Reached skill level 3 in Fighting
  9943 | D:11     | Noticed a boulder beetle
 10077 | D:11     | Reached skill level 4 in Fighting
 10403 | D:11     | Noticed a two-headed ogre
 10414 | D:11     | Killed a two-headed ogre
 10415 | D:11     | Reached skill level 5 in Fighting
 10964 | D:12     | Reached skill level 6 in Fighting
 11182 | D:12     | Noticed Psyche
 11194 | D:12     | Killed Psyche
 11195 | D:12     | Reached skill level 7 in Fighting
 11483 | D:12     | Found a staircase to the Orcish Mines.
 11578 | D:12     | Noticed Erolcha
 11585 | Abyss:2  | Cast into level 2 of the Abyss (Erolcha)
 11598 | Abyss:2  | Noticed a worldbinder
 11603 | Abyss:2  | Noticed a goliath frog
 11619 | Abyss:2  | Noticed a bog body
 11619 | Abyss:2  | Noticed a bog body
 11623 | Abyss:2  | Noticed a goliath frog
 11623 | Abyss:2  | Noticed a bog body
 11636 | Abyss:2  | Noticed a goliath frog
 11638 | Abyss:2  | Killed a worldbinder
 11639 | Abyss:2  | Reached XP level 12. HP: 60/73 MP: 24/24
 11720 | Abyss:2  | Reached skill level 8 in Fighting
 11741 | Abyss:2  | Noticed a tentacled starspawn
 11758 | Abyss:2  | Noticed a starcursed mass
 11763 | Abyss:2  | HP: 2/73 [starcursed mass/accursed screaming (10)]
 11957 | Abyss:2  | Noticed a thrashing horror
 11963 | Abyss:2  | Noticed a thrashing horror
 12089 | Abyss:2  | Noticed a vampire mage
 12099 | Abyss:2  | Noticed a jiangshi
 12099 | Abyss:2  | Noticed a jiangshi
 12104 | Abyss:2  | Noticed a jiangshi
 12110 | Abyss:2  | Noticed a hell hog
 12172 | Abyss:2  | Noticed a thrashing horror
 12173 | Abyss:2  | Noticed a thrashing horror
 12173 | Abyss:2  | Noticed a tentacled starspawn
 12181 | Abyss:2  | Killed a tentacled starspawn
 12182 | Abyss:2  | Reached skill level 9 in Fighting
 12186 | Abyss:2  | Killed a thrashing horror
 12187 | Abyss:2  | Killed a thrashing horror
 12318 | Abyss:2  | Reached skill level 10 in Fighting
 12377 | Abyss:2  | Gained mutation: You are vulnerable to cold. (rC-) [a
                  | neqoxec]
 12388 | Abyss:2  | Noticed a starcursed mass
 12404 | Abyss:2  | Slain by a spriggan defender skeleton

Illustrated notes

Levels and vault maps discovered:
D:1:      psy_arrival_whirlpool, layout_loops_corners
D:2:      layout_basic, basic_altar, amcnicky_mini_pool_small
D:3:      layout_basic
D:4:      layout_cave_pools, kennysheep_mini_moat, makhleb_blood_cavern_becter,
          minmay_hollow_rounded_squares
D:5:      layout_rooms, led_sif_pool, mainiacjoe_overflow_six_doors_small,
          temple_pool_b, minmay_misc_feat_enclosed
D:6:      layout_rooms, nicolae_overflow_crystal_walls, uniq_prince_ribbit1
D:7:      layout_loops_corners, nicolae_uskayaw_murder_on_the_dancefloor
D:8:      layout_loops_cross, dreamdust_gnoll_shepherd, uniq_erica
D:9:      layout_stronghold, lemuel_zombie_altar_kikubaaqudgha,
          mainiacjoe_overflow_concentric_impassable
D:10:     layout_roguey, hellmonk_lair_entry_icy,
          minmay_guarded_unrand_staff_of_olgreb
D:11:     layout_cave_pods, grunt_ogre_cave
D:12:     layout_basic, orc_0_dummy, serial_rivers,
          chequers_serial_rivers_large_b, chequers_serial_rivers_large_a,
          chequers_serial_rivers_small_b, chequers_serial_rivers_room_a,
          uniq_psyche, uniq_erolcha
Temple:   minmay_temple_curvy_branch
Abyss:2:  base: D:11, grunt_abyss_exit_deep_breaths,
          guppyfry_abyss_exit_glass_guarded, bh_abyss_exit_choice

Skill      XL: |  1  2  3  4  5  6  7  8  9 10 11 12 |
---------------+-------------------------------------+-----
Long Blades    | 3 4 6 8 |  8.0
Dodging        | 6 9 |  9.1
Air Magic      | 6 9 |  9.1
Translocations | 4 7 |  7.9
Spellcasting   | 7 |  7.5
Fighting       | 7 10 | 10.5
Throwing       | |  1.0
Armour         | |  1.1

Action                   |  1- 3 |  4- 6 |  7- 9 | 10-12 || total
-------------------------+-------+-------+-------+-------++-------
Melee: Falchion          |    85 |    79 |       |       ||   164
       Kick              |    18 |    20 |    80 |   171 ||   289
       Peck              |    11 |    19 |    48 |   111 ||   189
       Punch             |       |     1 |     5 |     2 ||     8
       Short sword       |       |       |   233 |   251 ||   484
       Scimitar          |       |       |       |   182 ||   182
       Trident           |       |       |       |    18 ||    18
       Staff             |       |       |       |    14 ||    14
Throw: Dart              |       |     6 |     7 |       ||    13
       Boomerang         |       |     1 |       |     3 ||     4
       Throwing net      |       |     1 |       |       ||     1
 Cast: Vhi's Electric Ch |       |       |     1 |    14 ||    15
       Kindle Blastspark |       |       |     1 |     4 ||     5
       Manifold Assault  |       |       |       |    35 ||    35
       Blink             |       |       |       |     9 ||     9
       Iskenderun's Myst |       |       |       |     2 ||     2
Evoke: Wand              |       |       |       |    10 ||    10
  Use: Scroll            |       |       |     8 |    15 ||    23
       Potion            |       |       |       |    10 ||    10
 Stab: Sleeping          |     3 |     2 |       |       ||     5
       Paralysed         |       |       |     6 |    26 ||    32
Armor: Leather armour    |    20 |    13 |    15 |       ||    48
       Steam dragon scal |       |       |    19 |    36 ||    55
       Robe              |       |       |       |    21 ||    21
Dodge: Dodged            |    75 |    61 |   128 |   427 ||   691

Table legend: (Time is in decaauts)
 A = Elapsed time spent in this place.
 B = Non-inter-level travel time spent in this place.
 C = Inter-level travel time spent in this place.
 D = Time resting spent in this place.
 E = Time spent auto-exploring this place.
 F = Levels seen in this place.
 G = Mean time per level.
                   A        B        C        D        E       F      G
               +--------+--------+--------+--------+--------+-----+--------+
         Total |  11521 |  11076 |    445 |    908 |   7828 |  14 |  822.9 |
       Dungeon |  10511 |  10066 |    445 |    870 |   7223 |  12 |  875.9 |
        Temple |    231 |    231 |      0 |      0 |    221 |   1 |  231.0 |
         Abyss |    777 |    777 |      0 |     38 |    382 |   1 |  777.0 |
               +--------+--------+--------+--------+--------+-----+--------+

Top non-repeatable levels by time:
     D:9: 1433 daAuts
    D:10: 1188 daAuts
     D:8: 1057 daAuts
    D:11: 1021 daAuts
     D:1: 944 daAuts
     D:3: 926 daAuts
     D:7: 802 daAuts
 Abyss:2: 777 daAuts
     D:4: 719 daAuts
     D:5: 673 daAuts
     D:6: 628 daAuts
    D:12: 575 daAuts
     D:2: 541 daAuts
  Temple: 231 daAuts
